 Dungeon Crawl Stone Soup version 0.29.1-2-gbd0b4ee654 (webtiles) character file.

Game seed: 7278938526573968044

392 safid the Shooter (level 6, 0/57 HPs)
             Began as a Minotaur Hunter on Oct 29, 2022.
             Was an Initiate of Okawaru.
             Succumbed to a scorpion's poison
             ... on level 4 of the Dungeon.
             The game lasted 00:04:33 (3732 turns).

safid the Shooter (Minotaur Hunter)                 Turns: 3732, Time: 00:04:34

Health: 0/57       AC:  3    Str: 16    XL:     6   Next: 51%
Magic:  5/5        EV: 12    Int:  6    God:    Okawaru [......]
Gold:   82         SH:  5    Dex: 15    Spells: 5/5 levels left

rFire   . . .      SeeInvis +   a - +0 shortbow
rCold   . . .      Faith    .   (shield currently unavailable)
rNeg    . . .      Spirit   .   c - +0 leather armour
rPois   .          Reflect  +   (helmet restricted)
rElec   .          Harm     .   (no cloak)
rCorr   .          Rampage  .   (no gloves)
Will    .....                   (no boots)
Stlth   +.........              k - amulet of reflection
HPRegen 0.19/turn               p - ring of see invisible
MPRegen 0.09/turn               (no ring)

@: mighty, lethally poisoned (0 -> -8), flying
A: horns 2, retaliatory headbutt
a: Renounce Religion


You were on level 4 of the Dungeon.
You worshipped Okawaru.
Okawaru was noncommittal.
You visited 2 branches of the dungeon, and saw 5 of its levels.

You collected 82 gold pieces.

Inventory:

Hand Weapons
 a - a +0 shortbow (weapon)
Armour
 c - a +0 leather armour (worn)
Jewellery
 k - an amulet of reflection (around neck)
 p - a ring of see invisible (left hand)
Wands
 r - a wand of paralysis (7)
Scrolls
 d - a scroll of butterflies {unknown}
 g - 5 scrolls of identify {unknown}
 h - a scroll of amnesia {unknown}
 i - a scroll of summoning {unknown}
 j - 3 scrolls of teleportation {unknown}
 n - a scroll of brand weapon {unknown}
 s - a scroll of torment {unknown}
 t - a scroll of blinking {unknown}
Potions
 b - a potion of cancellation {unknown}
 m - a potion of haste {unknown}
 q - a potion of berserk rage {unknown}


   Skills:
 + Level 6.2 Fighting
 + Level 6.8 Ranged Weapons
 - Level 2.1 Dodging
 - Level 0.7 Stealth


You had 5 spell levels left.
You didn't know any spells.
Your spell library contained the following spells:

 Spells                   Type           Power      Damage    Failure   Level
 Ensorcelled Hibernation  Hex/Ice        0%         N/A       67%         2
 Passwall                 Tmut/Erth      0%         N/A       67%         2
 Swiftness                Air            0%         N/A       88%         3
 Summon Small Mammal      Summ           Unusable   N/A       N/A         1
 Call Canine Familiar     Summ           Unusable   N/A       N/A         3
 Summon Guardian Golem    Hex/Summ       Unusable   N/A       N/A         3

Dungeon Overview and Level Annotations

Branches:
Dungeon (4/15)             Temple (1/1) D:4

Altars:
Cheibriados
Dithmenos
Gozag
Kikubaaqudgha
Makhleb
Nemelex Xobeh
Okawaru
Qazlal
Ru
Sif Muna
Uskayaw
Vehumet
Wu Jian
Xom
Zin

Shops:
D:3 =


Innate Abilities, Weirdness & Mutations

You have a pair of horns on your head.
You reflexively headbutt those who attack you in melee.


Message History

Aim: a scorpion (heavily wounded, 65% to hit)
You shoot an arrow. The arrow barely misses the scorpion.
The arrow hits the scorpion but does no damage.
The scorpion is heavily wounded.
You feel sick. The scorpion stings you!
* * * LOW HITPOINT WARNING * * *
The scorpion barely misses you. You furiously retaliate!
You headbutt the scorpion.
Fire: a) +0 shortbow
Press: ? - help, Q - select action, (/) - cycle Shift-Dir - straight line, f/p - scorpion
Aim: a scorpion (heavily wounded, 65% to hit)
You shoot an arrow. The arrow hits the scorpion.
The scorpion is severely wounded.
You feel sick. The scorpion closely misses you. The scorpion stings you.
* * * LOW HITPOINT WARNING * * *
You feel better. You block the scorpion's attack.
Fire: a) +0 shortbow
Press: ? - help, Q - select action, (/) - cycle Shift-Dir - straight line, f/p - scorpion
Aim: a scorpion (heavily wounded, 65% to hit)
You shoot an arrow. The arrow closely misses the scorpion.
The arrow hits the scorpion.
The scorpion is severely wounded.
The scorpion stings you.
* * * LOW HITPOINT WARNING * * *
You are lethally poisoned!
The scorpion poisons you!
It was a potion of magic.
Magic courses through your body.
* * * LOW HITPOINT WARNING * * *
You feel very sick. The scorpion barely misses you.
It was a potion of flight.
You feel very buoyant.
You fly up into the air.
* * * LOW HITPOINT WARNING * * *
You feel very sick.
The scorpion closely misses you. x2; You furiously retaliate!
You headbutt the scorpion.
It was a potion of might.
You feel very mighty all of a sudden.
You die...

.# #.......# #.### ###
.#
#..##.#####.#_#####.###
.#
#.....####..8.#.#.#)#._
.#
##..####.)............#
##
##...)#.....†........#
#.##.)>)..8.#.#.#.#..
#.####.####8###.#_#_#
#.####....### #######
#..)@ss.....#
######.....(#
###......# # #........#
#s #.######## #sP##.#
#...# #####


You could see 2 scorpions.

Vanquished Creatures
  A black bear (D:4)
  2 scorpions (D:4)
  A jelly (D:2)
  An orc priest (D:4)
  3 adders
  2 worms
  4 dart slugs
  7 orcs
  7 endoplasms
  3 giant cockroaches
  6 goblins
  8 hobgoblins
  4 jackals
  6 quokkas
  14 ball pythons
  A bat (D:1)
  5 frilled lizards
  3 kobolds
  2 rats (D:1)
80 creatures vanquished.

Vanquished Creatures (others)
  A fungus (D:4)
1 creature vanquished.

Grand Total: 81 creatures vanquished

Notes
Turn   | Place    | Note
-------+----------+-------------------------------------------
     0 | D:1      | safid the Minotaur Hunter began the quest for the Orb.
     0 | D:1      | Reached XP level 1. HP: 18/18 MP: 0/0
   310 | D:1      | Reached XP level 2. HP: 26/26 MP: 1/1
   396 | D:1      | Found a faded altar of an unknown god.
   579 | D:1      | Reached skill level 5 in Ranged Weapons
   579 | D:1      | Reached XP level 3. HP: 31/31 MP: 2/2
  1519 | D:2      | Reached XP level 4. HP: 40/40 MP: 3/3
  1714 | D:3      | Found Xalopn Mery's Jewellery Boutique.
  2547 | D:3      | Identified the +4 hand axe "Offinn" {drain, Will+ Stlth+}
  2635 | D:4      | Noticed a black bear
  2926 | D:4      | Noticed a scorpion
  2928 | D:4      | Noticed a scorpion
  2931 | D:4      | Killed a scorpion
  2932 | D:4      | Reached skill level 5 in Fighting
  2932 | D:4      | Reached XP level 5. HP: 42/48 MP: 4/4
  3196 | D:4      | Found a staircase to the Ecumenical Temple.
  3201 | D:4      | Reached XP level 6. HP: 56/56 MP: 5/5
  3218 | Temple   | Entered the Ecumenical Temple
  3310 | Temple   | Became a worshipper of Warmaster Okawaru
  3510 | D:4      | Identified the +6 dagger "Vich" {vorpal, Str+4 Int+3}
  3569 | D:4      | Found an opulent altar of Gozag.
  3674 | D:4      | Found a sacrificial altar of Ru.
  3678 | D:4      | Found an ancient bone altar of Kikubaaqudgha.
  3679 | D:4      | Found a hide-covered altar of Uskayaw.
  3731 | D:4      | HP: 2/57 [poisoned by a scorpion]
  3732 | D:4      | Succumbed to a scorpion's poison

Illustrated notes

Levels and vault maps discovered:
D:1:      dpeg_cavernosity, layout_loops_ring,
          hellmonk_ecumenical_altar_dog_temple, serial_park_tiny_pond
D:2:      layout_loops_ring, chequers_serial_rivers_large_a
D:3:      minmay_general_purpose_star, layout_loops_ring, serial_shops, shop
D:4:      old_forge, layout_basic, minitemple, minmay_temple_entry_purple_smoke
Temple:   jpeg_temple_clearing

Skill      XL: |  1  2  3  4  5  6 |
---------------+-------------------+-----
Fighting       | 3 4 5 6 |  6.2
Ranged Weapons | 5 6 |  6.8
Dodging        | |  2.1
Stealth        | |  0.7

Action                   |  1- 3 |  4- 6 || total
-------------------------+-------+-------++-------
 Fire: Shortbow          |    90 |   138 ||   228
  Use: Potion            |       |     5 ||     5
Armor: Leather armour    |     7 |    16 ||    23
Dodge: Dodged            |    20 |    61 ||    81
Block: Other             |       |    34 ||    34
